AoeStats
← Ken

Arena

507075698Analyzed
4v4 RM · 16d ago on Sep 16, 2026· 42m 10s· 8 players
Game mode
Random Map
Map size
Large (8 player)
Population
200
Speed
Normal
Resources
Standard
Victory
Conquest
Starting age
Dark Age
Ending age
Imperial Age
RankedLock teamsTeams togetherTeam positionsShared explorationLock speedFull tech treeHidden civsTurbo modeCheats
Victory
Defeat
🇯🇴 Turks · Jordan
1111
+13
🇮🇱 Japanese · Israel
1035
+16
🇧🇩 Mapuche · Bangladesh
1008
+17
🇨🇳 Khmer · China
964
+18
🇮🇩 Gurjaras · Indonesia
1104
-19
🇹🇼 Vietnamese · Taiwan
1038
-16
🇨🇳 Franks · China
1036
-16
🇮🇩 Britons · Indonesia
962
-13
mAjiCode
10:55 Feudal Age
15:17 Castle Age
13:11 Double-Bit Axe
13:07 Horse Collar
17:10 Bow Saw
17:38 Heavy Plow
19:55 Wheelbarrow
19:34 Loom
20:18 Scale Barding Armor
20:55 Gold Mining
23:25 Bloodlines
25:14 Hand Cart
26:13 Stone Mining
28:34 Stone Shaft Mining
28:36 Gold Shaft Mining
29:37 Husbandry
30:32 Chain Barding Armor
30:22 Forging
36:51 Imperial Age
37:26 Iron Casting
36:53 Elite Shrivamsha Rider
38:03 Elite Chakram Thrower
39:17 Conscription
40:45 Plate Barding Armor
Ken
10:55 Feudal Age
15:17 Castle Age
13:42 Double-Bit Axe
17:18 Bow Saw
21:18 Loom
22:15 Fletching
25:51 Gold Mining
29:30 Husbandry
33:29 Ballistics
33:20 Careening
42:24 Imperial Age
Picnic
11:19 Feudal Age
12:43 Double-Bit Axe
12:52 Gold Mining
19:51 Castle Age
19:12 Stone Mining
19:26 Padded Archer Armor
19:17 Fletching
22:37 Leather Archer Armor
22:17 Bodkin Arrow
22:05 Crossbowman
25:01 Wheelbarrow
27:58 Gold Shaft Mining
27:44 Hand Cart
30:55 Bow Saw
31:44 Ballistics
35:58 Imperial Age
39:08 Chemistry
38:42 Ring Archer Armor
38:13 Bracer
38:24 Forging
37:39 Arbalester
39:25 Elite Longbowman
deankuo
大象钻树林
9:41 Feudal Age
13:22 Castle Age
12:00 Double-Bit Axe
14:45 Horse Collar
21:38 Wheelbarrow
22:32 Heavy Plow
23:15 Bow Saw
24:08 Hand Cart
25:01 Gold Mining
28:25 Imperial Age
26:51 Gold Shaft Mining
27:38 Loom
27:56 Husbandry
28:06 Bloodlines
29:45 Crop Rotation
30:37 Tusk Swords
30:57 Elite Battle Elephant
31:59 Conscription
32:15 Hoardings
32:27 Scale Barding Armor
32:33 Forging
33:25 Chemistry
33:41 Chain Barding Armor
33:44 Ballistics
33:35 Masonry
33:30 Siege Engineers
33:20 Murder Holes
33:36 Fortified Wall
35:44 Plate Barding Armor
35:45 Iron Casting
37:59 Blast Furnace
37:33 Architecture
Shaheen
0:35 Loom
10:05 Feudal Age
10:41 Double-Bit Axe
16:31 Castle Age
18:16 Bow Saw
22:55 Gold Mining
22:55 Stone Mining
24:24 Stone Mining
24:44 Horse Collar
26:05 Town Watch
27:30 Wheelbarrow
27:44 Padded Archer Armor
27:34 Fletching
29:28 Gold Shaft Mining
28:56 Heavy Plow
30:18 Town Patrol
30:35 Hand Cart
31:39 Leather Archer Armor
31:19 Bodkin Arrow
32:36 Elite Skirmisher
36:43 Imperial Age
36:23 Ballistics
37:19 Sanctity
37:00 Devotion
37:10 Redemption
38:32 Two-Man Saw
38:37 Chemistry
38:10 Ring Archer Armor
37:40 Bracer
37:51 Forging
37:42 Scale Mail Armor
38:19 Parthian Tactics
37:58 Heavy Cavalry Archer
pyjalal
11:05 Feudal Age
15:17 Castle Age
13:54 Double-Bit Axe
15:53 Loom
17:02 Bow Saw
20:37 Horse Collar
22:56 Forging
26:21 Heavy Plow
33:01 Wheelbarrow
34:34 Hand Cart
38:33 Imperial Age
36:21 Fletching
37:00 Town Watch
37:15 Bodkin Arrow
38:39 Iron Casting
40:40 Gold Mining
41:22 Crop Rotation
41:26 Elite Bolas Rider
JorDaN
0:27 Loom
11:50 Feudal Age
13:06 Wheelbarrow
12:26 Double-Bit Axe
13:39 Gold Mining
18:14 Castle Age
23:33 Imperial Age
23:01 Horse Collar
26:17 Bow Saw
38:16 Stone Mining
40:43 Town Watch
42:29 Town Patrol
Connection lost

Rejoining the realm…

Still unreachable

The connection could not be restored.

Session expired

The server has moved on; the page needs a fresh start.